cohdb
Replays
Latest Replays
All Replays
Popular Replays
Top Player Replays
Match Explorer
How It Works
Community
CoH3 Stats
Reddit
Sign in to upload your games and track your stats! →
Sign in with Steam
Match 45078491
Unlisted
Match 45078491
Overview
Messages
Build Orders
End
Scout Squad
Construct Barracks
Selects Armored Battlegroup
Selects Veteran Crews
1⁄4-ton 4x4 Truck
Riflemen Squad
Riflemen Squad
Construct Weapon Support Center
M1919 Machine Gun Team
Infantry Support Center
M1918 Browning Automatic Rifles
Construct Medical Station
Selects Strength in Steel
Bazooka Squad
Sniper
Selects M8 Scott SPG
M8 Scott SPG
Riflemen Squad
Selects Field Repairs
Improved M9 Bazooka Rockets
Construct Tank Depot
Selects UNKNOWN (2160077)
M4A3E8 Sherman Easy Eight
Selects War Machine
Bazooka Squad
♠♣ Kvothe ♠♣
Damgard
0
0
Comments
sign in to comment!
No comments posted yet!